 Dungeon Crawl Stone Soup version 0.28.0-53-g5a82cb258f (webtiles) character file.

Game seed: 10575022146984255994

33989 dranuc9 the Devastator (level 13, -7/64 HPs)
             Began as a Deep Elf Conjurer on July 1, 2022.
             Was an Elder of Vehumet.
             Killed by an exploding fulminant prism (23 damage)
             ... on level 6 of the Lair of Beasts.
             The game lasted 04:09:21 (20362 turns).

dranuc9 the Devastator (Deep Elf Conjurer)         Turns: 20362, Time: 04:09:22

Health: -7/64      AC:  8    Str:  4    XL:     13   Next: 39%
Magic:  9/33       EV: 15    Int: 29    God:    Vehumet [****..]
Gold:   858        SH:  5    Dex: 13    Spells: 16/40 levels left

rFire   + . .      SeeInvis .   y - +0 shortbow
rCold   x . .      Faith    .   (shield currently unavailable)
rNeg    . . .      Spirit   .   e - +2 robe {Will+}
rPois   +          Reflect  +   (no helmet)
rElec   .          Harm     .   (no cloak)
rCorr   .          Rampage  .   A - +2 pair of gloves
Will    ++...                   F - +0 pair of boots
Stlth   ++++......              x - amulet of reflection
HPRegen 0.20/turn               m - ring of poison resistance
MPRegen 0.23/turn               I - ring of fire

@: marked, mesmerised, hasted, very quick
A: no striking features
a: Renounce Religion


You were on level 6 of the Lair of Beasts.
You worshipped Vehumet.
Vehumet was greatly pleased with you.
You visited 4 branches of the dungeon, and saw 17 of its levels.

You collected 858 gold pieces.

Inventory:

Hand Weapons
 n - a +3 vorpal quarterstaff
 o - a +1 dagger of venom
 y - a +0 shortbow (weapon)
 G - a +3 dagger of freezing
Missiles
 d - 31 poisoned darts
 g - 342 arrows (quivered ammo)
 u - 2 throwing nets
 D - 19 silver boomerangs
Armour
 e - a +2 robe of willpower (worn)
 s - the +1 robe of the Ancient Spines {Fly rF- Int+3}
   (You found it on level 4 of the Dungeon)

   Int:       It affects your intelligence (+3).
   rF:        It makes you vulnerable to fire.
   Fly:       It grants you flight.
 A - a +2 pair of gloves (worn)
 F - a +0 pair of boots (worn)
 O - the +0 robe "Vequis" {rF+ Regen+ SInv}
   (You found it on level 5 of the Lair of Beasts)

   rF:        It protects you from fire.
   SInv:      It lets you see invisible.
   Regen:     It increases your rate of health regeneration.
Magical Staves
 z - a staff of poison
 H - a staff of cold
 N - a staff of fire
Jewellery
 m - a ring of poison resistance (left hand)
 x - an amulet of reflection (around neck)
 I - a ring of fire (right hand)
Wands
 t - a wand of flame (43)
 C - a wand of iceblast (14)
 J - a wand of mindburst (4)
 L - a wand of charming (7)
Scrolls
 b - 2 scrolls of fog
 f - 3 scrolls of teleportation
 j - a scroll of enchant weapon
 l - 2 scrolls of fear
 p - 4 scrolls of enchant armour
 q - 3 scrolls of noise
 E - a scroll of magic mapping
 M - a scroll of identify
Potions
 a - 4 potions of might
 c - 2 potions of haste
 h - 2 potions of lignification
 i - 4 potions of attraction
 k - 4 potions of mutation
 v - 6 potions of flight
 w - a potion of heal wounds
 B - 4 potions of curing
 K - a potion of magic
Miscellaneous
 r - a lightning rod (2/4)


   Skills:
 - Level 1.1 Fighting
 * Level 4.5 Staves
 + Level 1.4 Bows
 + Level 0.7 Throwing
 + Level 7.8 Dodging
 - Level 7.8 Stealth
 - Level 1.1 Shields
 + Level 14.4 Spellcasting
 * Level 15.9 Conjurations
 + Level 9.9 Hexes
 + Level 5.9 Necromancy
 + Level 0.2 Translocations
 * Level 5.3 Fire Magic
 + Level 3.9 Evocations


You had 16 spell levels left.
You knew the following spells:

 Your Spells              Type           Power      Damage    Failure   Level
a - Magic Dart            Conj           100%       1d8       0%          1
b - Searing Ray           Conj           100%       2d8       0%          2
c - Dazzling Flash        Conj/Hex       100%       N/A       1%          3
d - Fulminant Prism       Conj/Hex       38%        3d18      1%          4
e - Iskenderun's Mystic   Conj/Tloc      61%        2d13      1%          4
f - Flame Wave            Conj/Fire      89%        2d15      1%          4
g - Iron Shot             Conj/Erth      30%        9d6       4%          6

Your spell library contained the following spells:

 Spells                   Type           Power      Damage    Failure   Level
 Airstrike                Air            10%        N/A       7%          4
 Corpse Rot               Necr/Air       76%        N/A       1%          2
 Inner Flame              Hex/Fire       78%        N/A       1%          3
 Cause Fear               Hex            34%        N/A       1%          4
 Dispel Undead            Necr           53%        3d19      1%          4
 Animate Armour           Summ/Erth      40%        N/A       24%         4
 Death Channel            Necr           26%        N/A       32%         6
 Enfeeble                 Hex            34%        N/A       34%         7
 Blade Hands              Tmut           10%        N/A       54%         5
 Dragon Form              Tmut           10%        N/A       100%        7
 Dragon's Call            Summ           10%        N/A       100%        9


Dungeon Overview and Level Annotations

Branches:
Dungeon (9/15)             Temple (1/1) D:6            Lair (6/6) D:9
 Shoals (1/4) Lair:3       Spider (0/4) Lair:3        Slime (0/5) Lair:6
    Orc (0/2) D:9

Altars:
Ashenzari
Cheibriados
Dithmenos
Elyvilon
Fedhas
Gozag
Hepliaklqana
Makhleb
Nemelex Xobeh
Qazlal
Ru
Sif Muna
Uskayaw
Vehumet
Wu Jian
Xom
Yredelemnul
Zin
The Shining One
Jiyva

Shops:
D:3 *

Annotations:
D:3 1 runed translucent door
D:5 2 transporters
Lair:5 3 runed translucent doors, Serogusm's ghost, journeyman CeAM


Message History

Aiming: Fulminant Prism (safe; 1% risk of failure)
Press: ? - help, Dir - move target
Okay, then.
Casting: Fulminant Prism (safe; 1% risk of failure)
Confirm with . or Enter, or press ? or * to list all spells.
Aiming: Fulminant Prism (safe; 1% risk of failure)
Press: ? - help, Dir - move target You conjure a prism of explosive energy!
A fulminant prism comes into view.
A harpy comes into view.
The merfolk avatar chants a haunting song.
You are mesmerised by the merfolk avatar!
A cane toad comes into view.
Casting: Fulminant Prism (safe; 1% risk of failure)
Confirm with . or Enter, or press ? or * to list all spells.
Casting: Flame Wave (safe; 1% risk of failure)
Press: ? - help, Dir - look around, f - activate You feel a surge of power!
A wave of flame ripples out!
The flame wave engulfs the black mamba!
The black mamba is almost dead. (Press . to intensify the flame waves.)
The pull of its song draws you forwards.
A harpy comes into view.
A steam dragon comes into view.
Your fulminant prism crackles loudly.
The merfolk avatar chants its luring song.
The harpy claws you!
* * * LOW HITPOINT WARNING * * *
The harpy barely misses you. The black mamba misses you.
The harpy claws your fulminant prism. The harpy claws your fulminant prism!
A wyvern comes into view.
Your fulminant prism explodes!
The blast of energy engulfs the merfolk avatar!!
The merfolk avatar is moderately wounded.
The blast of energy engulfs the harpy!!!
The harpy is almost dead.
The blast of energy engulfs the harpy!!
The harpy is almost dead.
The blast of energy engulfs the blink frog!!
The blink frog is almost dead.
The blast of energy engulfs you!!
You die...

≈# ≈≈≈ ..≈
#≈. ###
≈≈#≈mF##.##
lD≈.H.H@#.##
........S..##
....##..##F.#
..####..##.##
. #.F####..#
.P...#...#
........F.##
..........#
.....##...#


You could see a merfolk avatar (mesmerising), a black mamba, 2 cane toads, 2
harpies, a blink frog, a steam dragon and a wyvern.

Vanquished Creatures
  3 hydras
  10 death yaks (Lair:4)
  Pikel (D:9)
  An ugly thing (D:9)
  3 harpies (Shoals:1)
  A merfolk siren (Shoals:1)
  2 black mambas
  Maurice (D:9)
  An elephant (Lair:5)
  An unseen horror (D:7)
  10 cane toads
  A rime drake (Lair:6)
  5 komodo dragons
  2 ice devils (Lair:4)
  4 polar bears
  2 merfolk (Shoals:1)
  12 blink frogs
  A snapping turtle (Lair:3)
  3 dream sheep (Lair:5)
  Eustachio (D:4)
  5 wyverns
  17 yaks
  4 basilisks
  The ghost of Diggabert the Shield-Bearer, an amateur FoFi (D:3)
  2 steam dragons
  2 wargs (D:9)
  Edmund (D:6)
  16 water moccasins
  Duvessa (D:6)
  An ice beast (D:8)
  3 orc warriors
  A hornet zombie (D:6)
  2 necrophages
  4 centaurs
  An ogre (D:4)
  9 wolves
  A phantom (D:6)
  9 bullfrogs
  3 kobold brigands
  A gnoll sergeant (D:5)
  A scorpion (D:7)
  A wyvern skeleton (D:7)
  2 water moccasin skeletons
  Dowan (D:6)
  3 killer bees (D:9)
  18 wights
  2 bullfrog zombies (D:5)
  2 jellies
  3 hounds
  2 bullfrog skeletons (D:4)
  A centaur zombie (D:9)
  A centaur skeleton (D:7)
  9 orc priests
  2 iguanas
  7 hell rats (Lair:4)
  6 orc wizards
  A howler monkey zombie (D:9)
  13 gnolls
  A howler monkey skeleton (D:5)
  An adder (D:2)
  A shadow imp (D:5)
  A white imp (D:6)
  2 ufetubi
  8 worms
  26 orcs
  8 bats
  5 endoplasms (D:2)
  4 giant cockroaches
  9 goblins
  5 hobgoblins
  6 quokkas
  10 ball pythons
  5 frilled lizards
  15 kobolds
  4 rats
335 creatures vanquished.

Vanquished Creatures (collateral kills)
  4 elephants (Lair:5)
  3 dream sheep (Lair:5)
7 creatures vanquished.

Vanquished Creatures (others)
  264 fulminant prisms
  48 fungi
  71 plants
  A withered plant (D:3)
384 creatures vanquished.

Grand Total: 726 creatures vanquished

Notes
Turn   | Place    | Note
-------+----------+-------------------------------------------
     0 | D:1      | dranuc9 the Deep Elf Conjurer began the quest for the Orb.
     0 | D:1      | Reached XP level 1. HP: 10/10 MP: 6/6
   229 | D:1      | Reached XP level 2. HP: 15/15 MP: 4/8
   233 | D:1      | Learned a level 2 spell: Searing Ray
   522 | D:1      | Reached skill level 5 in Conjurations
   932 | D:1      | Reached XP level 3. HP: 19/19 MP: 6/9
  1513 | D:2      | Reached XP level 4. HP: 24/24 MP: 1/11
  1674 | D:2      | Reached skill level 6 in Conjurations
  1827 | D:2      | Reached XP level 5. HP: 28/28 MP: 6/12
  2386 | D:3      | Found a shadowy altar of Dithmenos.
  2484 | D:3      | Found Zin's Purification Station.
  2488 | D:3      | Found a glowing silver altar of Zin.
  2515 | D:3      | Found a runed translucent door.
  2523 | D:3      | Found a faded altar of an unknown god.
  2524 | D:3      | Noticed Diggabert's ghost (amateur FoFi)
  2558 | D:3      | Found a runed translucent door.
  2648 | D:3      | Learned a level 3 spell: Dazzling Flash
  2806 | D:4      | Identified the +1 robe of the Ancient Spines {Fly rF-
                  | Int+3}
  2820 | D:4      | Noticed Eustachio
  2831 | D:4      | Killed Eustachio
  2832 | D:4      | Reached skill level 7 in Conjurations
  2832 | D:4      | Reached XP level 6. HP: 32/32 MP: 0/15
  3002 | D:4      | Reached skill level 5 in Spellcasting
  3213 | D:4      | Found a sparkling altar of Nemelex Xobeh.
  3387 | D:4      | Reached XP level 7. HP: 29/36 MP: 10/17
  3931 | D:4      | Learned a level 4 spell: Fulminant Prism
  3969 | D:5      | Entered Level 5 of the Dungeon
  4152 | D:5      | Found a broken altar of Ashenzari.
  4153 | D:5      | Noticed a yak
  4155 | D:5      | Found a transporter.
  4158 | D:5      | Noticed a troll
  4167 | D:5      | Found a transporter.
  4181 | D:5      | Reached skill level 8 in Conjurations
  4458 | D:5      | Noticed a yak
  4459 | D:5      | Noticed a yak
  4461 | D:5      | Noticed a yak
  4461 | D:5      | Noticed a yak
  4463 | D:5      | Noticed a yak
  4464 | D:5      | Noticed a yak
  4498 | D:4      | Killed a yak
  4499 | D:4      | Reached XP level 8. HP: 18/42 MP: 14/19
  5228 | D:5      | Reached skill level 5 in Dodging
  5228 | D:5      | Reached skill level 1 in Shields
  5619 | D:5      | Reached skill level 9 in Conjurations
  5812 | D:6      | Reached skill level 1 in Hexes
  5876 | D:6      | Noticed Edmund
  6233 | D:6      | Killed Edmund
  6234 | D:6      | Reached skill level 5 in Stealth
  6451 | D:6      | Found a blossoming altar of Fedhas.
  6655 | D:6      | Found a staircase to the Ecumenical Temple.
  6674 | Temple   | Entered the Ecumenical Temple
  6799 | Temple   | Became a worshipper of Vehumet
  6840 | D:6      | Reached XP level 9. HP: 25/46 MP: 15/23
  6987 | D:6      | Noticed Duvessa
  6989 | D:6      | Noticed Dowan
  6994 | D:6      | Killed Dowan
  6997 | D:6      | Killed Duvessa
  6998 | D:6      | Reached skill level 10 in Conjurations
  8397 | D:3      | Reached * piety under Vehumet
  8397 | D:3      | Offered knowledge of Foxfire by Vehumet.
  8404 | D:3      | Killed Diggabert's ghost
  8643 | D:5      | Reached skill level 11 in Conjurations
  9398 | D:7      | Reached XP level 10. HP: 27/51 MP: 13/25
 10939 | D:8      | Reached skill level 10 in Spellcasting
 11137 | D:8      | Reached ** piety under Vehumet
 11246 | D:8      | Found an opulent altar of Gozag.
 11248 | D:8      | Identified the +1 leather armour "Sigeuttu" {rF- Dex+4
                  | Slay+3 Stlth+}
 11263 | D:8      | Offered knowledge of Sandblast by Vehumet.
 11315 | D:8      | Noticed a +0 dagger
 11316 | D:8      | Noticed a +0 short sword
 11316 | D:8      | Noticed a +0 falchion
 11316 | D:8      | Noticed a +0 dagger
 11317 | D:8      | Noticed a +0 falchion
 11317 | D:8      | Noticed a +0 spear
 11321 | D:8      | Noticed a +0 short sword
 11325 | D:8      | Noticed a +0 spear
 11332 | D:8      | Found a hide-covered altar of Uskayaw.
 11878 | D:9      | Reached skill level 12 in Conjurations
 11893 | D:9      | Noticed Pikel
 11903 | D:9      | Killed Pikel
 11904 | D:9      | Reached skill level 1 in Necromancy
 11904 | D:9      | Reached skill level 1 in Evocations
 11914 | D:9      | Offered knowledge of Inner Flame by Vehumet.
 12150 | D:9      | Found a white marble altar of Elyvilon.
 12180 | D:9      | Found a staircase to the Orcish Mines.
 12238 | D:9      | Noticed a brown ugly thing
 12253 | D:9      | Killed a brown ugly thing
 12254 | D:9      | Reached skill level 5 in Hexes
 12528 | D:9      | Reached *** piety under Vehumet
 12530 | D:9      | Noticed Maurice
 12536 | D:9      | Killed Maurice
 12675 | D:9      | Found a staircase to the Lair.
 12959 | Lair:1   | Entered Level 1 of the Lair of Beasts
 12981 | Lair:1   | Reached XP level 11. HP: 55/55 MP: 16/28
 13001 | Lair:1   | Reached skill level 13 in Conjurations
 13007 | Lair:1   | Reached skill level 1 in Fighting
 13221 | Lair:1   | Learned a level 4 spell: Iskenderun's Mystic Blast
 13910 | Lair:2   | Offered knowledge of Olgreb's Toxic Radiance by Vehumet.
 15245 | Lair:3   | Noticed a five-headed hydra
 15256 | Lair:3   | Killed a five-headed hydra
 15263 | Lair:3   | Reached skill level 5 in Necromancy
 15274 | Lair:3   | Got Sif Muna's Collected Works on the Bewitching Blaze
 15280 | Lair:3   | Learned a level 4 spell: Flame Wave
 15287 | Lair:3   | Learned a level 6 spell: Iron Shot
 15385 | Lair:3   | Found a staircase to the Shoals.
 15501 | Lair:3   | Found a hole to the Spider Nest.
 15532 | Lair:3   | You fall into a shaft and drop 2 floors!
 15593 | Lair:5   | Reached skill level 1 in Bows
 15598 | Lair:4   | Noticed a death yak
 15598 | Lair:4   | Noticed a death yak
 15598 | Lair:4   | Noticed a death yak
 15598 | Lair:4   | Noticed a death yak
 15608 | Lair:5   | Reached skill level 1 in Fire Magic
 15640 | Lair:5   | Found a runed translucent gate.
 15640 | Lair:5   | Found a runed translucent gate.
 15640 | Lair:5   | Found a runed translucent gate.
 15642 | Lair:5   | Noticed an 11-headed hydra
 15643 | Lair:5   | Noticed a 13-headed hydra
 15644 | Lair:5   | Noticed Serogusm's ghost (journeyman CeAM)
 15710 | Lair:5   | Reached skill level 14 in Conjurations
 15822 | Lair:4   | Reached **** piety under Vehumet
 15837 | Lair:4   | Reached XP level 12. HP: 60/60 MP: 19/30
 15849 | Lair:4   | Reached skill level 1 in Staves
 15866 | Lair:4   | Noticed a six-headed hydra
 16019 | Lair:5   | Identified the +0 robe "Vequis" {rF+ Regen+ SInv}
 16149 | Lair:5   | Offered knowledge of Airstrike by Vehumet.
 16366 | Lair:4   | Noticed a death yak
 16369 | Lair:4   | Noticed a five-headed hydra
 17087 | Shoals:1 | Entered Level 1 of the Shoals
 17217 | Shoals:1 | Noticed a stone giant
 17218 | Shoals:1 | Noticed a merfolk aquamancer
 17975 | Lair:4   | Killed a five-headed hydra
 18006 | Lair:4   | Noticed a death yak
 18019 | Lair:4   | Killed a death yak
 18020 | Lair:4   | Reached skill level 15 in Conjurations
 18020 | Lair:4   | Noticed a death yak
 18030 | Lair:4   | Killed a death yak
 18157 | Lair:4   | Noticed a death yak
 18158 | Lair:4   | Noticed a death yak
 18168 | Lair:4   | Killed a death yak
 18171 | Lair:4   | Killed a death yak
 18193 | Lair:4   | Noticed a death yak
 18194 | Lair:4   | Killed a death yak
 18195 | Lair:4   | Reached XP level 13. HP: 64/64 MP: 9/32
 18606 | Lair:4   | Reached skill level 5 in Fire Magic
 20061 | Lair:6   | Entered Level 6 of the Lair of Beasts
 20337 | Lair:6   | Found a staircase to the Slime Pits.
 20337 | Lair:6   | Found a viscous altar of Jiyva.
 20362 | Lair:6   | Killed by an exploding fulminant prism

Illustrated notes

Levels and vault maps discovered:
D:1:      dpeg_arrival_court, layout_basic
D:2:      layout_rooms, grunt_ministairs_5, minmay_misc_feat_room,
          minmay_pentomino_o4
D:3:      layout_rooms, zin_purify, mainiacjoe_overflow_cross_hatched,
          ebering_ghost_sewer_f, ebering_ecumenical_altar_petrified
D:4:      layout_loops_ring, mainiacjoe_overflow_paths, uniq_eustachio
D:5:      layout_loops_cross, gammafunk_temple_overflow_arena
D:6:      layout_loops_ring, lemuel_coloured_pillars_altar, temple_green,
          minmay_door_square, uniq_duvessa, uniq_edmund
D:7:      minmay_chambers_of_fours, layout_layer_cave, enter_bailey_5
D:8:      layout_basic, nicolae_uskayaw_en_pointe, general_overflow_altar,
          minmay_unpleasant_kobolds
D:9:      layout_cave_pools, mainiacjoe_overflow_alcove_4,
          erik_lair_orcish_takeover, orc_0_dummy, minmay_liquid_box, uniq_pikel,
          uniq_maurice
Temple:   minmay_freezing_vapour_temple
Lair:1:   layout_regular_city
Lair:2:   layout_concentric_octagons
Lair:3:   layout_regular_city, minmay_shoals_entry_hut,
          spider_nest_entry_web_field
Lair:4:   layout_cave_pods, portal_ice_cave_demonic_guard, grunt_megastairs_5
Lair:5:   layout_cave_shapes, gauntlet_entry_generic,
          gammafunk_ghost_hydra_chop, infiniplex_staircase_pool
Lair:6:   gammafunk_lair_ancient_temple, layout_gridlike, slime_altar_1,
          nicolae_lair_run_with_the_wolves
Shoals:1: layout_shoals, st_shoals_ruin

Skill      XL: |  1  2  3  4  5  6  7  8  9 10 11 12 13 |
---------------+----------------------------------------+-----
Conjurations   | 5 6 7 8 9 11 12 14 15 | 15.9
Stealth        | 3 4 5 6 7 |  7.8
Dodging        | 3 4 5 6 7 |  7.8
Spellcasting   | 4 5 6 8 9 11 12 13 14 | 14.4
Shields        | 1 |  1.1
Hexes          | 1 3 5 7 9 |  9.9
Necromancy     | 2 5 |  5.9
Evocations     | 1 3 |  3.9
Fighting       | 1 |  1.1
Bows           | 1 |  1.4
Fire Magic     | 2 4 5 |  5.3
Staves         | 3 4 |  4.5
Throwing       | |  0.7
Translocations | |  0.2

Action                   |  1- 3 |  4- 6 |  7- 9 | 10-12 | 13-15 || total
-------------------------+-------+-------+-------+-------+-------++-------
Melee: Dagger            |       |       |     1 |     1 |       ||     2
 Fire: Shortbow          |       |       |       |     2 |     1 ||     3
Throw: Dart              |       |       |     5 |       |       ||     5
 Cast: Magic Dart        |    70 |    72 |    76 |    56 |     2 ||   276
       Searing Ray       |     5 |    17 |    42 |    68 |     4 ||   136
       Fulminant Prism   |       |       |    57 |   151 |    56 ||   264
       Dazzling Flash    |       |       |       |     1 |       ||     1
       Flame Wave        |       |       |       |     4 |     1 ||     5
       Iskenderun's Myst |       |       |       |     2 |     1 ||     3
       Iron Shot         |       |       |       |       |     1 ||     1
Evoke: Wand              |       |       |     3 |    23 |     3 ||    29
       Lightning rod     |       |       |       |       |     5 ||     5
  Use: Potion            |       |       |     1 |     6 |     1 ||     8
       Scroll            |       |       |    14 |    13 |     2 ||    29
Armor: Robe              |     1 |     5 |     3 |    24 |     4 ||    37
Dodge: Dodged            |     1 |    19 |    24 |    71 |    11 ||   126
Block: Other             |       |       |     9 |    21 |     6 ||    36
       Reflection        |       |       |     4 |     4 |       ||     8
